 Dungeon Crawl Stone Soup version 0.31.0-10-gcf4a605ca0 (webtiles) character file.

Game seed: 535673522631658090

50 SnakkuSnakku7 the Caller (level 3, -1/30 HPs)
             Began as a Ghoul Summoner on Jan 26, 2024.
             Slain by an adder (3 damage)
             ... on level 2 of the Dungeon.
             The game lasted 00:01:31 (1073 turns).

SnakkuSnakku7 the Caller (Ghoul Summoner)           Turns: 1073, Time: 00:01:32

Health: -1/30      AC:  2    Str: 13    XL:     3   Next: 79%
Magic:  5/5        EV: 12    Int: 14    God:
Gold:   49         SH:  0    Dex:  9    Spells: 4/5 levels left

rFire   . .          .
                       - Unarmed
rCold   + . .        (no shield)
rNeg    + + +        a - +0 robe
rPois   ∞            (no helmet)
rElec   .            (no cloak)
rCorr   .            (no gloves)
SInv    +            (no boots)
Will    .....        c - amulet of the acrobat
Stlth   ++           e - ring of see invisible
HPRegen 0.00/turn    (no ring)
MPRegen 0.09/turn

%: acrobat
@: inhibited regen
A: claws 1, cold resistance 1, negative energy resistance 3, inhibited
regeneration, torment resistance 2, devour on kill
a: no special abilities


You were on level 2 of the Dungeon.
You visited 1 branch of the dungeon, and saw 2 of its levels.

You collected 49 gold pieces.

Inventory:

Armour
 a - a +0 robe (worn)
Jewellery
 c - an amulet of the acrobat (around neck)
 e - a ring of see invisible (left claw)
Scrolls
 d - a scroll of teleportation {unknown}
 f - a scroll of butterflies {unknown}
Potions
 b - 2 potions of magic
 g - a potion of lignification {unknown}


   Skills:
 + Level 2.4 Fighting
 - Level 1.7 Dodging
 - Level 2.1 Stealth
 + Level 2.3 Unarmed Combat
 - Level 1.7 Spellcasting
 - Level 3.6 Summonings


You had 4 spell levels left.
You knew the following spells:

 Your Spells              Type           Power      Damage    Failure   Level
a - Summon Small Mammal   Summ           44%        N/A       5%          1

Your spell library contained the following spells:

 Spells                   Type           Power      Damage    Failure   Level
 Call Imp                 Summ           22%        N/A       9%          2
 Call Canine Familiar     Summ           11%        N/A       17%         3
 Summon Blazeheart Golem  Fire/Summ      6%         N/A       75%         4
 Summon Lightning Spire   Summ/Air       6%         N/A       75%         4


Dungeon Overview and Level Annotations

Branches:
Dungeon (2/15)

Altars:

Shops:
D:1 :


Innate Abilities, Weirdness & Mutations

You are immune to poison.
You have sharp fingernails.
Your flesh is cold resistant. (rC+)
You are immune to negative energy. (rN+++)
You do not regenerate when monsters are visible.
You are immune to unholy pain and torment.
You thrive by killing the living.


Message History

You are frozen.
You resist.
You scratch the endoplasm.
You kill the endoplasm!
You closely miss the adder. The adder bites you.
You completely miss the adder. The adder closely misses you.
You scratch the adder.
The adder is lightly wounded.
The adder bites you.
You scratch the adder.
The adder is heavily wounded.
The adder bites you. The adder barely misses you.
You miss the adder.
The adder is heavily wounded.
The adder bites you but does no damage.
You closely miss the adder.
The adder is heavily wounded.
The adder bites you.
You closely miss the adder.
The adder is heavily wounded.
The adder bites you.
* * * LOW HITPOINT WARNING * * *
You closely miss the adder.
The adder is heavily wounded.
The adder bites you.
* * * LOW HITPOINT WARNING * * *
You closely miss the adder.
The adder is heavily wounded.
The adder bites you but does no damage. The adder closely misses you.
You barely miss the adder.
The adder is heavily wounded.
The adder bites you.
* * * LOW HITPOINT WARNING * * *
You scratch the adder but do no damage.
The adder is heavily wounded.
The adder bites you but does no damage.
Unknown command.
You scratch the adder but do no damage.
The adder is heavily wounded.
The adder bites you.
You die...

#.#..########..........#
#.#..<.................#
#.#.#.##########'#######
....... ........#
....#.## ..####..#######
....#+# #......... ....
#...#####[ #+## #.S.#
#.@.# .. #...# # ...
#...# # ... #...# ##..#
....# ....# ...#.# #...#
### .# ....# .. ....#


You could see an adder.

Vanquished Creatures
  A ribbon worm (D:2)
  10 endoplasms
  6 giant cockroaches (D:1)
  A goblin (D:2)
  6 hobgoblins
  3 jackals (D:1)
  A quokka (D:1)
  2 ball pythons
  A bat (D:1)
  A frilled lizard (D:1)
  3 kobolds
  4 rats (D:1)
39 creatures vanquished.

Notes
Turn   | Place    | Note
-------+----------+-------------------------------------------
     0 | D:1      | SnakkuSnakku7 the Ghoul Summoner began the quest for the
                  | Orb.
     0 | D:1      | Reached XP level 1. HP: 14/14 MP: 3/3
     1 | D:1      | Found a runed translucent door.
   244 | D:1      | Reached skill level 1 in Fighting
   244 | D:1      | Reached skill level 1 in Unarmed Combat
   244 | D:1      | Reached XP level 2. HP: 22/23 MP: 4/4
   462 | D:1      | Found Bihiys's Book Emporium.
   743 | D:1      | Reached XP level 3. HP: 26/29 MP: 5/5
  1073 | D:2      | Slain by an adder

Illustrated notes

Levels and vault maps discovered:
D:1:      dpeg_arrival_caged_fury, layout_basic, serial_shops,
          nicolae_shop_pleasant_corner_grove, minmay_misc_feat_room
D:2:      layout_basic, serial_shops, shop, uniq_crazy_yiuf_cottage

Skill      XL: |  1  2  3 |
---------------+----------+-----
Fighting       | 1 2 |  2.4
Unarmed Combat | 1 2 |  2.3
Dodging        | |  1.7
Stealth        | |  2.1
Spellcasting   | |  1.7
Summonings     | |  3.6

Action                     || total
---------------------------++-------
  Melee: Unarmed           ||   134
         Punch             ||     1
   Stab: Sleeping          ||     3
 Armour: Robe              ||    52
  Dodge: Dodged            ||    52
